 Dungeon Crawl Stone Soup version 0.30-a0-802-gb92711bcdf (webtiles) character file.

Game seed: 2881772503955871131

193 Dittersdorf the Covered (level 5, -2/34 HPs)
             Began as a Gargoyle Fighter on Feb 23, 2023.
             Slain by an orc priest
             ... wielding a +0 falchion
              (4 damage)
             ... on level 3 of the Dungeon.
             The game lasted 00:04:03 (3361 turns).

Dittersdorf the Covered (Gargoyle Fighter)          Turns: 3361, Time: 00:04:03

Health: -2/34      AC: 11    Str: 21    XL:     5   Next: 72%
Magic:  5/5        EV:  9    Int:  9    God:
Gold:   111        SH:  4    Dex:  9    Spells: 4/4 levels left

rFire   . . .      SeeInvis .    a - +0 flail
rCold   . . .      Faith    .    c - +0 buckler
rNeg    + . .      Spirit   .    b - +0 scale mail
rPois   ∞          Reflect  .    (no helmet)
rElec   +          Harm     .    (no cloak)
rCorr   .          Rampage  .    (no gloves)
Will    .....                    (no boots) Stlth
                                 j - amulet of the acrobat
HPRegen 0.25/turn                (no ring)
MPRegen 0.09/turn                (no ring)

@: no status effects
A: sickness immunity, AC +4, negative energy resistance 1, electricity
resistance, torment resistance 1, petrification resistance
a: no special abilities


You were on level 3 of the Dungeon.
You visited 1 branch of the dungeon, and saw 4 of its levels.

You collected 111 gold pieces.

Inventory:

Hand Weapons
 a - a +0 flail (weapon)
Missiles
 g - 3 curare-tipped darts (quivered)
Armour
 b - a +0 scale mail (worn)
 c - a +0 buckler (worn)
Jewellery
 j - an amulet of the acrobat (around neck)
Scrolls
 e - 4 scrolls of identify {unknown}
 h - 3 scrolls of enchant armour {unknown}
 k - 2 scrolls of magic mapping {unknown}
 n - 4 scrolls of teleportation {unknown}
 q - a scroll of butterflies {unknown}
Potions
 d - 2 potions of might
 f - a potion of curing {unknown}
 i - 5 potions of lignification {unknown}
 l - a potion of berserk rage {unknown}
 m - a potion of cancellation {unknown}
 o - a potion of flight {unknown}
 p - 2 potions of heal wounds {unknown}
 r - a potion of attraction {unknown}


   Skills:
 + Level 4.4 Fighting
 + Level 3.3 Maces & Flails
 + Level 4.4 Armour
 + Level 4.4 Shields


You had 4 spell levels left.
You didn't know any spells.
Your spell library contained the following spells:

 Spells                   Type           Power      Damage    Failure   Level
 Magic Dart               Conj           0%         1d3       80%         1
 Slow                     Hex            0%         N/A       80%         1
 Call Imp                 Summ           0%         N/A       91%         2
 Confusing Touch          Hex            0%         N/A       99%         3
 Mephitic Cloud           Conj/Pois/Air  0%         N/A       99%         3
 Vampiric Draining        Necr           0%         2d6       99%         3


Dungeon Overview and Level Annotations

Branches:
Dungeon (4/15)
 Temple: D:4-7

Altars:

Shops:
D:3 *


Innate Abilities, Weirdness & Mutations

You are immune to sickness and miasma.
Your stone body is resilient. (AC +4)
You are immune to poison.
You resist negative energy. (rN+)
You are resistant to electric shocks. (rElec)
You are resistant to unholy torment.
You are immune to petrification.


Message History

You block the orc's attack.
You thump the orc!
You kill the orc!
You block the orc's attack.
A black bear and an orc priest come into view.
The black bear growls angrily.
The orc priest shouts!
You block the orc's attack.
An orc priest comes into view. It is wielding a +0 hand axe.
Things that are here:
a +0 dagger; an orc corpse You sock the orc!
You kill the orc!
The orc priest closely misses you.
The orc priest mumbles some strange prayers to Beogh against you.
Beogh smites you!
There is a stone staircase leading up here.
Things that are here:
a +0 mace; an orc corpse The orc priest calls down the wrath of Beogh upon you.
Beogh smites you!
* * * LOW HITPOINT WARNING * * *
The orc priest hits you but does no damage.
You climb upwards.
There is a stone staircase leading down here.
You hit the orc priest.
The orc priest is moderately wounded.
The orc priest misses you.
The orc priest hits you with a +0 falchion.
* * * LOW HITPOINT WARNING * * *
You sock the orc priest!
The orc priest is almost dead.
The orc priest hits you but does no damage.
You hit the orc priest.
The orc priest is almost dead.
The orc priest hits you but does no damage.
The orc priest looks satisfied for a moment.
You closely miss the orc priest.
The orc priest is almost dead.
The orc priest hits you with a +0 falchion.
You die...

## .## ######## ..# #......# ..#
#......############ ..#
#......#..........## ..#
#..................## ..#
#####...............# .##
#...............# .##
##@..............# ..#
#..o.............# ..#
####................#
..##########....#.............##
..............<.#.............#
...8...##.....................#
.##<##..#...####..##.###.##...#
.8.∩.8.<..#####...##.# #.##...#
###.###..###....#.##.###..#...#


You could see an orc priest.

Vanquished Creatures
  2 jellies (D:2)
  4 gnolls (D:2)
  2 adders (D:3)
  5 dart slugs
  2 orcs (D:4)
  13 endoplasms
  4 giant cockroaches
  3 goblins
  5 hobgoblins
  A quokka (D:1)
  2 ball pythons (D:2)
  5 bats
  3 frilled lizards
  10 kobolds
  8 rats
69 creatures vanquished.

Vanquished Creatures (others)
  3 fungi (D:2)
  A plant (D:3)
  10 toadstools (D:2)
14 creatures vanquished.

Grand Total: 83 creatures vanquished

Notes
Turn   | Place    | Note
-------+----------+-------------------------------------------
     0 | D:1      | Dittersdorf the Gargoyle Fighter began the quest for the
                  | Orb.
     0 | D:1      | Reached XP level 1. HP: 14/14 MP: 1/1
    69 | D:1      | You fall into a shaft and drop 1 floor!
   325 | D:1      | Reached XP level 2. HP: 19/19 MP: 2/2
   584 | D:1      | Reached XP level 3. HP: 22/24 MP: 3/3
  1154 | D:2      | Reached XP level 4. HP: 22/29 MP: 4/4
  1444 | D:2      | Found a faded altar of an unknown god.
  1496 | D:2      | Reached XP level 5. HP: 33/33 MP: 5/5
  2479 | D:2      | Found a faded altar of an unknown god.
  2963 | D:3      | Found Luidalo's General Store.
  3353 | D:4      | Noticed a black bear
  3358 | D:3      | HP: 1/34 [orc priest/+0 falchion (2)]
  3361 | D:3      | Slain by an orc priest

Illustrated notes

Levels and vault maps discovered:
D:1:      psy_arrival_basics, layout_loops_ring, skrybe_limestone_x
D:2:      cheibrodos_fertilizer, layout_loops_corners,
          hellmonk_ecumenical_altar_blasted
D:3:      layout_rooms, serial_shops, nicolae_shop_statue_plus,
          serial_bayou_ford_a, kennysheep_generic_room_2
D:4:      layout_loops_ring, portal_sewer_entry_a, serial_demonic,
          serial_demonic_g, serial_demonic_d, serial_demonic_a,
          serial_demonic_e, serial_demonic_g, serial_demonic_a, serial_demonic_e

Skill      XL: |  1  2  3  4  5 |
---------------+----------------+-----
Armour         | 4 |  4.4
Fighting       | 4 |  4.4
Shields        | 4 |  4.4
Maces & Flails | 3 |  3.3

Action                     |  1- 3 |  4- 6 || total
---------------------------+-------+-------++-------
  Melee: Flail             |   129 |   125 ||   254
 Armour: Scale mail        |    66 |    58 ||   124
  Dodge: Dodged            |    63 |    59 ||   122
  Block: Buckler           |    31 |    26 ||    57

Table legend: (Time is in decaauts)
 A = Elapsed time spent in this place.
 B = Non-inter-level travel time spent in this place.
 C = Inter-level travel time spent in this place.
 D = Time resting spent in this place.
 E = Time spent auto-exploring this place.
 F = Levels seen in this place.
 G = Mean time per level.
                   A        B        C        D        E       F      G
               +--------+--------+--------+--------+--------+-----+--------+
         Total |   3455 |   3322 |    133 |    218 |   2515 |   4 |  863.8 |
       Dungeon |   3455 |   3322 |    133 |    218 |   2515 |   4 |  863.8 |
               +--------+--------+--------+--------+--------+-----+--------+

Top non-repeatable levels by time:
     D:2: 1989 daAuts
     D:1: 865 daAuts
     D:3: 583 daAuts
     D:4: 17 daAuts
